 Dungeon Crawl Stone Soup version 0.16.1-66-g04f09c5 (console) character file.

29224 shitsu the Bludgeoner (level 13, -1/116 HPs)
             Began as a Minotaur Berserker on Aug 11, 2015.
             Was a High Priest of Trog.
             Slain by a sixfirhy (8 damage)
             ... on level 1 of the Abyss on Aug 12, 2015.
             The game lasted 02:29:05 (15167 turns).

shitsu the Bludgeoner (Minotaur Berserker)         Turns: 15167, Time: 02:29:05

Health: -1/116     AC: 21    Str: 28    XL:     13   Next: 14%
Magic:  1/1        EV:  8    Int:  4    God:    Trog [*****.]
Gold:   738        SH: 13    Dex: 16    Spells: 0 memorised, 12 levels left

rFire  . . .     SeeInvis .     X - +1 morningstar (antimagic)
rCold  . . .     Clarity  .     R - +0 plate armour
rNeg   . . .     SustAb   +     s - +0 shield
rPois  .         Gourm    .     (helmet restricted)
rElec  .         Spirit   .     (no cloak)
rCorr  .         Warding  .     b - +2 pair of gloves {Str+3}
rMut   +         Stasis   .     t - +1 pair of boots
MR     .....                    r - amulet of resist mutation
Stlth  ..........               P - +4 ring of dexterity
                                j - ring of sustain abilities

@: about to teleport, not resistant to hostile enchantments, extremely
unstealthy
A: retaliatory headbutt, horns 2
a: Burn Spellbooks, Berserk, Trog's Hand, Brothers in Arms, Renounce Religion


You were on level 1 of the Abyss.
You worshipped Trog.
Trog was extremely pleased with you.
You were hungry.

You visited 3 branches of the dungeon, and saw 16 of its levels.
You visited the Abyss 1 time.
You also visited: Sewer.

You collected 738 gold pieces.

Inventory:

Hand weapons
 x - a +3 flail of protection
 A - a +7 antimagic great mace
 J - a +2 flail of crushing
 X - a +1 antimagic morningstar (weapon)
Missiles
 a - 8 javelins of penetration (quivered)
Armour
 b - a +2 pair of gloves of strength (worn)
 s - a +0 shield (worn)
 t - a +1 pair of boots (worn)
 N - a +2 chain mail of poison resistance
 R - a +0 plate armour (worn)
Jewellery
 j - a ring of sustain abilities (left hand)
 r - an amulet of resist mutation (around neck)
 K - an uncursed ring of flight
 L - an uncursed ring of positive energy
 P - a +4 ring of dexterity (right hand)
Magical devices
 i - a wand of polymorph (9)
 m - a wand of cold (5)
 F - a wand of paralysis (7)
 G - a wand of digging (19)
 H - a wand of disintegration (10)
 I - a wand of teleportation (6)
 M - a wand of slowing (23)
 S - a wand of fire (9)
 T - a wand of lightning (5)
 U - a wand of confusion (8)
 W - a wand of invisibility (3)
Scrolls
 e - 6 scrolls of fog
 l - 3 scrolls of remove curse
 q - a scroll of blinking
 u - 7 scrolls of teleportation
 v - a scroll of identify
 y - 2 scrolls of magic mapping {unknown}
 B - 2 scrolls of recharging
 D - 4 scrolls of fear
 E - 2 scrolls of noise {unknown}
Potions
 k - 2 potions of haste
 n - 2 potions of restore abilities
 p - 2 potions of agility
 w - 5 potions of curing
 z - a potion of heal wounds
 O - a potion of cancellation
Books
 d - a book of Callings

   Spells                             Type                      Level
   a - Summon Small Mammal            Summoning                    1
   b - Call Imp                       Summoning                    2
   c - Call Canine Familiar           Summoning                    3
   d - Summon Guardian Golem          Hexes/Summoning              4
   e - Summon Lightning Spire         Summoning/Air                4
   f - Summon Ice Beast               Ice/Summoning                4
   Trog disapproves of the use of such an item.
 C - a book of Summonings

   Spells                             Type                      Level
   a - Abjuration                     Summoning                    3
   b - Recall                         Summoning/Translocation      3
   c - Shadow Creatures               Summoning                    5
   d - Summon Demon                   Summoning                    5
   e - Summon Forest                  Summoning/Translocation      5
   f - Monstrous Menagerie            Summoning                    6
   Trog disapproves of the use of such an item.
 V - a book of Cantrips

   Spells                             Type                      Level
   a - Corona                         Hexes                        1
   b - Animate Skeleton               Necromancy                   1
   c - Summon Small Mammal            Summoning                    1
   d - Apportation                    Translocation                1
   Trog disapproves of the use of such an item.
Comestibles
 c - 8 bread rations
 f - 7 meat rations
 g - 3 slices of pizza
 h - 5 beef jerkies
 o - 10 royal jellies


   Skills:
 - Level 11.5 Fighting
 + Level 18.0 Maces & Flails
 - Level 11.4 Armour
 - Level 2.1 Dodging
 - Level 10.6 Shields


You had 12 spell levels left.
You didn't know any spells.

Dungeon Overview and Level Annotations

Branches:
Dungeon (14/15) Temple (0/1) D:5 Lair (1/8) D:10 Orc (1/4) D:12 Vaults (0/5) D:12 D:13

Altars:
Dithmenos
Elyvilon
Kikubaaqudgha
Nemelex Xobeh
Okawaru
Qazlal
Ru
Sif Muna
Zin
Jiyva

Shops:
D:4 %   D:6 }   D:10 :

Annotations:
D:10 1 runed door
D:14 Sonja


Innate Abilities, Weirdness & Mutations

You reflexively headbutt those who attack you in melee.
You have a pair of horns on your head.


Message History

The starcursed mass shrieks in your mind.
* * * LOW HITPOINT WARNING * * *
The raiju bursts into living lightning!
The living lightning misses you.
The living lightning hits the raiju.
The raiju completely resists.
The raiju blinks!
As you read the scroll of teleportation, it crumbles to dust.
You feel strangely unstable.
You feel the power of the Abyss delaying your translocation.
The raiju bites you but does no damage. You block the raiju's attack.
The starcursed mass shrieks in your mind.
* * * LOW HITPOINT WARNING * * *
The sixfirhy hits you but does no damage.
You block the sixfirhy's attack.
The sixfirhy hits you but does no damage. x3
The sixfirhy hits you but does no damage.
You see here a scroll labeled VAUMAYM USESE.
You block the sixfirhy's attack. The sixfirhy hits you.
* * * LOW HITPOINT WARNING * * *
The sixfirhy shocks you!
You die...

#. .# # .# #.
.######
#.#...#.##
#....#.#.# #@...#
##4#.# ####..#
#...##...# ##
##h## .##...
#..#######h # .#
# #.. ...h# .#.#
#.......######
###.......'......


You could see a sixfirhy.

Vanquished Creatures
  Gastronok (Lair:1)
  2 hydras
  A skeletal warrior (D:12)
  3 unseen horrors
  A hill giant (D:12)
  A griffon (D:13)
  A cyclops (D:14)
  A spiny frog (Lair:1)
  A gargoyle (D:12)
  A freezing wraith (D:12)
  4 trolls
  Prince Ribbit (D:8)
  3 two-headed ogres
  2 slime creatures (D:13)
  A basilisk (D:13)
  A trapdoor spider (D:10)
  A shadow (D:14)
  A tarantella (shapeshifter) (D:14)
  3 deep elf magi
  3 wraiths
  13 humans
  A vampire (D:14)
  3 wyverns
  A steam dragon (D:10)
  22 yaks
  A hungry ghost (D:11)
  2 hippogriffs (D:8)
  4 porcupines (D:10)
  2 soldier ants
  5 ice beasts
  An eye of draining (D:9)
  A black bear (D:12)
  3 sky beasts
  4 ogres
  10 orc warriors
  2 phantoms
  A boring beetle (D:8)
  4 centaurs
  2 big kobolds
  2 crocodiles
  8 giant frogs
  A scorpion (D:13)
  7 wights
  15 killer bees
  5 jellies (D:8)
  3 centaur zombies
  7 hounds
  4 giant frog skeletons
  3 goliath beetles
  5 crimson imps
  A wasp zombie (D:12)
  5 orc priests
  4 centaur skeletons
  14 orc wizards
  A gnoll shaman (D:4)
  5 iguanas
  13 worker ants
  A killer bee zombie (D:9)
  A hound zombie (D:9)
  2 hound skeletons
  10 gnolls
  2 worker ant zombies
  11 adders
  5 river rats
  2 giant mites
  3 shadow imps
  2 worms
  An adder zombie (D:8)
  4 giant geckos
  2 oozes (D:8)
  81 orcs
  18 bats
  A bat skeleton (D:7)
  6 giant cockroaches
  12 goblins
  17 hobgoblins
  16 jackals
  A ball python (D:2)
  A ball python zombie (D:5)
  7 giant newts
  A giant spore (D:6)
  A jackal skeleton (D:9)
  36 kobolds
  3 quokkas
  A quokka zombie (D:6)
  21 rats
  A rat skeleton (D:7)
  16 ballistomycetes
504 creatures vanquished.

Vanquished Creatures (collateral kills)
  Rupert (D:13)
  Donald (D:13)
  Harold (D:12)
  3 ugly things
  A wyvern (D:12)
  3 humans (D:13)
  A phantom (D:11)
  A big kobold (D:13)
  A shadow imp (D:13)
  2 kobolds (D:13)
15 creatures vanquished.

Vanquished Creatures (others)
  A deep elf mage (D:10)
  An ogre (D:13)
  4 giant spores
  A lurking horror (Abyss:1)
7 creatures vanquished.

Grand Total: 526 creatures vanquished

Notes
Turn   | Place    | Note
--------------------------------------------------------------
     0 | D:1      | shitsu, the Minotaur Berserker, began the quest for the Orb.
     0 | D:1      | Reached XP level 1. HP: 19/19 MP: 1/1
   170 | D:1      | Reached skill level 4 in Maces & Flails
   206 | D:1      | Reached XP level 2. HP: 23/26 MP: 1/1
   819 | D:2      | Acquired Trog's second power
   919 | D:2      | Reached skill level 5 in Maces & Flails
   978 | D:2      | Reached XP level 3. HP: 19/31 MP: 2/2
  1204 | D:2      | Reached XP level 4. HP: 35/39 MP: 2/2
  1211 | D:2      | Reached skill level 6 in Maces & Flails
  1437 | D:2      | Found a sparkling altar of Nemelex Xobeh.
  1889 | D:3      | Found an ancient bone altar of Kikubaaqudgha.
  1902 | D:3      | Reached XP level 5. HP: 38/45 MP: 2/2
  1908 | D:3      | Reached skill level 7 in Maces & Flails
  2512 | D:3      | Reached skill level 8 in Maces & Flails
  2687 | D:3      | Acquired Trog's third power
  2781 | D:4      | Reached XP level 6. HP: 38/51 MP: 3/3
  2901 | D:4      | Found Ojipail's Food Shoppe.
  3080 | D:4      | Found a glowing drain.
  3084 | Sewer    | Entered a sewer
  3712 | D:4      | Reached skill level 9 in Maces & Flails
  4042 | D:4      | Reached XP level 7. HP: 57/57 MP: 3/3
  4138 | D:4      | Found a stormy altar of Qazlal.
  4138 | D:4      | Found a shadowy altar of Dithmenos.
  4158 | D:5      | Entered Level 5 of the Dungeon
  4401 | D:5      | Reached skill level 10 in Maces & Flails
  4698 | D:5      | Reached skill level 11 in Maces & Flails
  4739 | D:5      | Found a staircase to the Ecumenical Temple.
  5161 | D:6      | Reached XP level 8. HP: 64/64 MP: 3/3
  5405 | D:6      | Reached skill level 12 in Maces & Flails
  5547 | D:6      | Found Chum's Gadget Boutique.
  5650 | D:6      | Found an iron altar of Okawaru.
  5652 | D:6      | Found a glowing silver altar of Zin.
  5653 | D:6      | Found a sacrificial altar of Ru.
  5961 | D:7      | Reached skill level 13 in Maces & Flails
  6292 | D:7      | Received a gift from Trog
  6420 | D:8      | Found a viscous altar of Jiyva.
  6464 | D:8      | Reached XP level 9. HP: 24/70 MP: 4/4
  6683 | D:8      | Noticed Prince Ribbit
  6689 | D:8      | Reached skill level 14 in Maces & Flails
  6846 | D:8      | Killed Prince Ribbit
  7096 | D:8      | Received a gift from Trog
  7096 | D:8      | Reached skill level 1 in Shields
  7538 | D:8      | Reached skill level 5 in Fighting
  7717 | D:9      | Reached skill level 5 in Armour
  7792 | D:9      | Reached XP level 10. HP: 36/83 MP: 4/4
  8093 | D:9      | Reached skill level 5 in Shields
  8191 | D:9      | Found a deep blue altar of Sif Muna.
  8760 | D:10     | Entered Level 10 of the Dungeon
  9015 | D:10     | Reached XP level 11. HP: 88/95 MP: 4/4
  9040 | D:10     | Found a staircase to the Lair.
  9189 | D:10     | Found Xahesk's Book Boutique.
  9271 | D:10     | Killed an unseen horror
  9617 | D:10     | Found a white marble altar of Elyvilon.
  9633 | D:10     | Found a runed door.
  9633 | D:10     | Noticed an angel
  9961 | Lair:1   | Entered Level 1 of the Lair of Beasts
  9963 | Lair:1   | Noticed Gastronok
 10001 | Lair:1   | Killed Gastronok
 10017 | Lair:1   | Reached skill level 10 in Fighting
 10116 | D:10     | Killed an unseen horror
 10266 | D:11     | Noticed a four-headed hydra
 10277 | D:11     | Killed a four-headed hydra
 10525 | D:11     | Killed an unseen horror
 10525 | D:11     | Reached skill level 10 in Armour
 11026 | D:11     | Found a sacrificial altar of Ru.
 11071 | D:11     | Received a gift from Trog
 11074 | D:11     | Reached skill level 10 in Shields
 11849 | D:12     | Reached XP level 12. HP: 63/110 MP: 5/5
 11852 | D:12     | Noticed Harold
 12022 | D:12     | Killed Harold
 12236 | D:12     | Reached skill level 15 in Maces & Flails
 12427 | D:12     | Noticed a hill giant
 12438 | D:12     | Killed a hill giant
 12719 | D:12     | Received a gift from Trog
 12745 | D:12     | Found a staircase to the Orcish Mines.
 13091 | D:13     | Found a gate to the Vaults.
 13091 | D:13     | Noticed Rupert
 13091 | D:13     | Noticed Donald
 13108 | Orc:1    | Entered Level 1 of the Orcish Mines
 13209 | D:13     | Killed Rupert
 13220 | D:12     | Reached skill level 16 in Maces & Flails
 13737 | D:13     | Killed Donald
 13918 | D:13     | Reached skill level 17 in Maces & Flails
 13950 | D:13     | Noticed a five-headed hydra
 13958 | D:13     | Killed a five-headed hydra
 14214 | D:13     | Reached XP level 13. HP: 114/116 MP: 5/5
 14658 | D:14     | Received a gift from Trog
 14981 | D:14     | Reached skill level 18 in Maces & Flails
 15061 | D:14     | Noticed Sonja
 15069 | D:14     | Cast into the Abyss (Sonja)
 15116 | Abyss:1  | Noticed a starcursed mass
 15159 | Abyss:1  | HP: 1/116 [raiju/living lightning (12)]
 15167 | Abyss:1  | Slain by a sixfirhy

Action                   |  1- 3 |  4- 6 |  7- 9 | 10-12 | 13-15 || total
-------------------------+-------+-------+-------+-------+-------++-------
Melee: Mace              |    57 |   219 |   112 |       |       ||   388
       Flail             |       |       |   293 |   753 |    38 ||  1084
       Morningstar       |       |       |       |       |    54 ||    54
Throw: Javelin           |       |       |     4 |       |       ||     4
Invok: Berserk           |     1 |     3 |     2 |     4 |       ||    10
       Trog's Hand       |       |       |     3 |     9 |       ||    12
       Brothers in Arms  |       |       |       |     6 |       ||     6
  Use: Scroll            |       |     8 |     3 |    21 |     4 ||    36
       Potion            |       |       |       |       |     1 ||     1
  Eat: Chunk             |     1 |    12 |    13 |    18 |     2 ||    46
       Beef jerky        |       |     1 |     1 |       |       ||     2
       Meat ration       |       |       |       |     1 |       ||     1
       Fruit             |       |       |       |     3 |       ||     3
       Pizza             |       |       |       |     1 |       ||     1
